 Dungeon Crawl Stone Soup version 0.32-a0-675-gdc239d62e1 (webtiles) character file.

Game seed: 1432771663237175681

220 lunkers the Cudgeller (level 5, -3/61 HPs)
             Began as a Coglin Berserker on Mar 11, 2024.
             Was a Believer of Trog.
             Slain by a gnoll
             ... wielding a +0 halberd
             ... led by a gnoll bouda
              (8 damage)
             ... on level 4 of the Dungeon.
             The game lasted 00:03:22 (2284 turns).

lunkers the Cudgeller (Coglin Berserker)            Turns: 2284, Time: 00:03:23

Health: -3/61      AC:  8    Str: 19    XL:     5   Next: 97%
Magic:  5/5        EV:  8    Int:  7    God:    Trog [**....]
Gold:   226        SH:  0    Dex: 13    Spells: 4/4 levels left

rFire   . . .        a - +0 mace {Niklaus}
rCold   . . .        t - +0 flail {Matsuko}
rNeg    . . .        g - +0 chain mail
rPois   .            (no helmet)
rElec   .            (no cloak)
rCorr   .            (no gloves)
SInv    .            (no boots)
Will    .....        (amulet unavailable) Stlth
                     (ring unavailable)
HPRegen 0.30/turn    (ring unavailable)
MPRegen 0.09/turn    (no gizmo)

%: no passive effects
@: berserking (expiring), revved, very quick
A: off-hand wielding, slow wielding, warmup strikes, no jewellery
a: Invent Gizmo, Renounce Religion, Berserk, Trog's Hand


You were on level 4 of the Dungeon.
You worshipped Trog.
Trog was pleased with you.
You visited 1 branch of the dungeon, and saw 4 of its levels.

You collected 226 gold pieces.

Inventory:

Hand Weapons
 a - a +0 mace (weapon) {Niklaus}
 c - a +0 dagger {Somchit}
 t - a +0 flail (offhand) {Matsuko}
Armour
 b - a +0 animal skin
 g - a +0 chain mail (worn)
Scrolls
 d - 2 scrolls of revelation {unknown}
 f - 3 scrolls of vulnerability {unknown}
 h - a scroll of blinking {unknown}
 i - 5 scrolls of identify {unknown}
 m - 2 scrolls of poison {unknown}
 o - a scroll of enchant armour {unknown}
 q - a scroll of fear {unknown}
 r - a scroll of teleportation {unknown}
Potions
 e - a potion of cancellation {unknown}
 j - 2 potions of degeneration {unknown}
 k - 2 potions of resistance {unknown}
 l - a potion of ambrosia {unknown}
 n - a potion of enlightenment {unknown}
 p - a potion of heal wounds {unknown}
 s - a potion of attraction {unknown}
 u - a potion of might {unknown}


   Skills:
 - Level 3.0 Fighting
 + Level 5.9 Maces & Flails
 - Level 1.7 Armour
 - Level 1.7 Dodging


You had 4 spell levels left.
You didn't know any spells.
Your spell library was empty.

Dungeon Overview and Level Annotations

Branches:
Dungeon (4/15)
 Temple: D:4-7

Altars:


Innate Abilities, Weirdness & Mutations

You can wield a second weapon in your off-hand.
It takes a long time for you to wield or remove held weapons.
Your first few attacks do less damage.
You cannot equip rings or amulets.


Message History

Unknown command.
You sock the gnoll with your +0 flail!
The gnoll is severely wounded.
You sock the gnoll with your +0 mace!
You kill the gnoll!
Trog accepts your kill.
Unknown command.
You sock the endoplasm with your +0 flail!
You feel the power of Trog in you as your rage grows.
You kill the endoplasm!
Trog accepts your kill.
Unknown command.
You closely miss the gnoll with your +0 flail.
You hit the gnoll with your +0 mace. The endoplasm freezes you.
You are frozen.
* * * LOW HITPOINT WARNING * * *
The gnoll closely misses you. The gnoll completely misses you.
You sock the gnoll with your +0 flail!
You kill the gnoll!
Trog accepts your kill. The endoplasm freezes you.
You are frozen.
* * * LOW HITPOINT WARNING * * *
The gnoll closely misses you.
You sock the endoplasm with your +0 mace!
You kill the endoplasm!
Trog accepts your kill.
The gnoll hits you from afar with a +0 halberd!
* * * LOW HITPOINT WARNING * * *
Found a scroll labelled KAFFEYLUHI and a scroll labelled KOEQUTOHAU.
Things that are here:
a +0 whip; a +0 flail; a dart slug corpse Unknown command.
You sock the gnoll with your +0 flail!
The gnoll is severely wounded.
You closely miss the gnoll with your +0 mace.
Your attacks no longer feel as feeble.
The gnoll hits you with a +0 halberd!
You die...

#......
###########.....#
................#
................#
................+
................#
.......)).......#
.......@........#
##....g##+##'####
#.....#.....#
#...?.#.....#
#.....#.....#
#.....#.....#
#.....#.....#
#...?.#.....#
#####.##+## ###


You could see a gnoll.

Vanquished Creatures
  A hound (D:4)
  A bombardier beetle (D:3)
  A gnoll bouda (D:4)
  4 gnolls (D:4)
  3 adders
  2 dart slugs
  2 orcs (D:3)
  9 endoplasms
  4 giant cockroaches
  6 hobgoblins
  4 jackals (D:2)
  3 kobolds
  2 quokkas
  7 ball pythons
  2 bats
  A frilled lizard (D:1)
  A goblin (D:1)
  8 rats
61 creatures vanquished.

Notes
Turn   | Place    | Note
-------+----------+-------------------------------------------
     0 | D:1      | lunkers the Coglin Berserker began the quest for the Orb.
     0 | D:1      | Reached XP level 1. HP: 18/18 MP: 1/1
   185 | D:1      | Reached skill level 3 in Maces & Flails
   221 | D:1      | Reached XP level 2. HP: 24/24 MP: 2/2
   838 | D:2      | Found a faded altar of an unknown god.
   947 | D:2      | Reached XP level 3. HP: 29/29 MP: 3/3
  1057 | D:2      | Reached ** piety under Trog
  1058 | D:2      | Reached skill level 4 in Maces & Flails
  1385 | D:3      | Reached XP level 4. HP: 18/35 MP: 4/4
  2010 | D:4      | Reached skill level 5 in Maces & Flails
  2062 | D:4      | Reached XP level 5. HP: 33/41 MP: 5/5
  2284 | D:4      | Slain by a gnoll

Illustrated notes

Levels and vault maps discovered:
D:1:      lightli_arrival_farm, layout_basic
D:2:      layout_rooms, shapermc_ecumenical_altar_rom_forum
D:3:      layout_rooms
D:4:      layout_gridville, uniq_duvessa, uniq_natasha

Skill      XL: |  1  2  3  4 |
---------------+-------------+-----
Maces & Flails | 3 4 5 |  5.9
Fighting       | |  3.0
Armour         | |  1.7
Dodging        | |  1.7

Action                     |  1- 3 |  4- 6 || total
---------------------------+-------+-------++-------
  Melee: Mace              |    78 |    58 ||   136
         Dagger            |    72 |    30 ||   102
         Flail             |       |    27 ||    27
 Invoke: Berserk           |       |     1 ||     1
   Stab: Sleeping          |     1 |       ||     1
 Armour: Animal skin       |     2 |       ||     2
         Chain mail        |    62 |    59 ||   121
  Dodge: Dodged            |    42 |    32 ||    74

Table legend: (Time is in decaauts)
 A = Elapsed time spent in this place.
 B = Non-inter-level travel time spent in this place.
 C = Inter-level travel time spent in this place.
 D = Time resting spent in this place.
 E = Time spent auto-exploring this place.
 F = Levels seen in this place.
 G = Mean time per level.
                   A        B        C        D        E       F      G
               +--------+--------+--------+--------+--------+-----+--------+
         Total |   2316 |   2236 |     80 |      0 |   1847 |   4 |  579.0 |
       Dungeon |   2316 |   2236 |     80 |      0 |   1847 |   4 |  579.0 |
               +--------+--------+--------+--------+--------+-----+--------+

Top non-repeatable levels by time:
     D:1: 850 daAuts
     D:3: 644 daAuts
     D:2: 512 daAuts
     D:4: 309 daAuts
